[Event "ICC tourney 1900 (45 10)"]
[Site "Internet Chess Club"]
[Date "2020.07.04"]
[Round "5"]
[White "drberkley"]
[Black "advaith06"]
[Result "1/2-1/2"]
[ICCResult "Game drawn by mutual agreement"]
[WhiteElo "1487"]
[BlackElo "1584"]
[Opening "Sicilian: Grand Prix attack"]
[ECO "B23"]
[NIC "SI.44"]
[Time "21:03:15"]
[TimeControl "2700+10"]

1. e4 c5 2. Nc3 Nc6 3. f4 g6 4. Nf3 Bg7 5. Bb5 Nd4 6. O-O a6 7. Bd3 d6 8.
Nxd4 cxd4 9. Ne2 Nf6 10. Ng3 O-O 11. b3 e5 12. f5 d5 13. fxg6 hxg6 14. Ba3
Re8 15. h3 dxe4 16. Nxe4 Nxe4 17. Bxe4 f5 18. Bd3 b5 19. Be2 Bb7 20. d3 e4
21. Bc1 e3 22. Bf3 Qh4 23. Qe1 Qxe1 24. Rxe1 Bxf3 25. gxf3 Rac8 26. Re2 Re6
27. Ba3 Rec6 28. Rc1 a5 29. Kg2 a4 30. Bb4 Bf8 31. Bxf8 Kxf8 32. f4 axb3 33.
axb3 Rc3 34. Kf3 Rxd3 35. Rg1 Rdc3 36. Rxg6 Rxc2 37. Rd6 Rxe2 38. Kxe2 Rc2+
39. Ke1 Rc1+ 40. Ke2 Rc2+ 41. Ke1 Rd2 42. Rf6+ Kg7 43. Rxf5 Rh2 44. Rd5 Rh1+
45. Ke2 Rh2+ 46. Ke1 Rb2 47. Rxd4 Rxb3 48. Ke2 b4 49. h4 Kg6 50. Rd5 Rc3 51.
Rb5 b3 52. f5+ Kf6 53. h5 Kg5 54. h6 Kxh6 55. Rb6+ Kg5 56. f6 Kg6 57. Kf3
Kf7 58. Ke2 b2 59. Rxb2 Kxf6 60. Rb5 Ke6 {Game drawn by mutual agreement}
1/2-1/2

[Event "ICC tourney 1900 (45 10)"]
[Site "Internet Chess Club"]
[Date "2020.07.04"]
[Round "5"]
[White "hursha6b5"]
[Black "Almanac2050"]
[Result "0-1"]
[ICCResult "White resigns"]
[WhiteElo "1398"]
[BlackElo "1620"]
[Opening "French: Tarrasch, closed variation"]
[ECO "C05"]
[NIC "FR.17"]
[Time "21:03:32"]
[TimeControl "2700+10"]

1. e4 e6 2. d4 d5 3. Nd2 Nf6 4. e5 Nfd7 5. Bd3 c5 6. c3 Nc6 7. Ne2 Be7 8.
Nf3 cxd4 9. cxd4 f6 10. exf6 Nxf6 11. O-O O-O 12. Bf4 Bd6 13. Bg3 Bxg3 14.
hxg3 Bd7 15. Re1 Re8 16. Nf4 Qc7 17. Ne5 Bc8 18. g4 Nxe5 19. dxe5 Nd7 20.
Rc1 Qd8 21. Re3 Nf8 22. Nh5 Bd7 23. Qf3 Qe7 24. Qh3 Rac8 25. Rxc8 Rxc8 26.
g5 Rc1+ 27. Kh2 Qb4 28. a3 Qd2 29. Qg3 Qd1 30. Nf6+ gxf6 31. gxf6+ Ng6 32.
Qg5 Qh1+ 33. Kg3 Rg1 34. Kf3 Kf7 35. Re2 Qh3+ 36. g3 Qh1+ 37. Ke3 d4+ 38.
Kxd4 Qd5+ 39. Ke3 Qc5+ 40. Kf3 Bc6+ 41. Kg4 Qd4+ 42. Be4 Bxe4 43. Qh6 Bg2+
44. f4 Bf3+ 45. Kxf3 Qd3+ 46. Re3 Qd1+ 47. Re2 Qd3+ 48. Re3 Rxg3+ 49. Kxg3
Qxe3+ 50. Kg4 Qe2+ 51. Kg3 Qe1+ 52. Kg4 Qg1+ 53. Kf3 Qf1+ 54. Ke3 Qe1+ 55.
Kf3 Qd1+ 56. Ke3 Qb3+ 57. Ke4 Qc2+ 58. Kf3 Qb3+ 59. Kg4 Qd1+ 60. Kg3 Qd3+
61. Kg4 Qe2+ 62. Kg3 Qe3+ 63. Kg4 Nxe5+ 64. Kh4 Ng6+ 65. Kg4 Qxf4+ 66. Qxf4
Nxf4 67. Kxf4 Kxf6 68. b4 e5+ 69. Ke4 h5 70. a4 h4 71. Kf3 e4+ 72. Kxe4 h3
73. Kf3 Ke5 74. Kg3 Kd5 75. a5 Kc4 76. a6 b6 77. Kxh3 Kxb4 78. Kg4 Ka5 79.
Kf4 Kxa6 80. Ke4 Kb5 81. Kd4 Kb4 82. Kd3 Kb3 83. Kd2 b5 84. Kc1 Ka2 85. Kc2
b4 86. Kc1 b3 {White resigns} 0-1